 Dungeon Crawl Stone Soup version 0.27-a0-1137-g3ef0f4ec91 (webtiles) character file.

Game seed: 5738579501616558022

103 robertstho the Insei (level 4, -2/28 HPs)
             Began as an Octopode Transmuter on May 6, 2021.
             Slain by Grinder (5 damage)
             ... on level 3 of the Dungeon.
             The game lasted 00:02:20 (2594 turns).

robertstho the Insei (Octopode Transmuter)          Turns: 2594, Time: 00:02:21

Health: -2/28      AC:  1    Str:  9    XL:     4   Next: 79%
Magic:  6/7        EV: 13    Int: 16    God:
Gold:   64         SH:  0    Dex: 12    Spells: 4/7 levels left

rFire    . . .     SeeInvis .   b - +2 dagger (speed)
rCold    . . .     Faith    .   (no shield)
rNeg     . . .     Spirit   .   (helmet currently unavailable)
rPois    .         Reflect  .   (no amulet)
rElec    .         Harm     .   (no ring)
rCorr    .         Rampage  .   (no ring)
Will     .....                  (no ring)
Stlth    +++.......             (no ring)
HPRegen  0.09/turn              (no ring)
MPRegen  0.10/turn              (no ring)
                                (no ring)
                                (no ring)

@: appendages
A: tentacle spike 3, almost no armour, amphibious, 8 rings, camouflage 1,
gelatinous body 1, (nimble swimmer 1), tentacles
a: End Transformation


You were on level 3 of the Dungeon.
One of your tentacles had grown a beastly spike.
You visited 1 branch of the dungeon, and saw 3 of its levels.

You collected 64 gold pieces.

Inventory:

Hand Weapons
 b - a +2 dagger of speed (weapon)
Wands
 g - a wand of digging (3)
 i - a wand of polymorph (6)
Scrolls
 c - a scroll of fear {unknown}
 d - a scroll of enchant weapon {unknown}
 h - a scroll of identify {unknown}
Potions
 a - a potion of attraction {unknown}
 e - 2 potions of haste {unknown}
 f - a potion of berserk rage {unknown}
 j - a potion of heal wounds {unknown}


   Skills:
 + Level 1.1 Fighting
 + Level 1.0 Short Blades
 + Level 2.4 Dodging
 + Level 3.4 Stealth
 + Level 3.5 Unarmed Combat
 + Level 2.4 Spellcasting
 + Level 2.2 Transmutations


You had 4 spell levels left.
You knew the following spells:

 Your Spells              Type           Power      Damage    Failure   Level
a - Beastly Appendage     Tmut           18%        N/A       8%          1
b - Wereblood             Tmut           9%         N/A       12%         2

Your spell library contained the following spells:

 Spells                   Type           Power      Damage    Failure   Level
 Spider Form              Tmut/Pois      2%         N/A       36%         3
 Ice Form                 Ice/Tmut       5%         N/A       77%         4
 Hydra Form               Tmut           4%         N/A       91%         5


Dungeon Overview and Level Annotations

Branches:
Dungeon (3/15)

Altars:

Annotations:
D:2 Sigmund
D:3 Grinder


Innate Abilities, Weirdness & Mutations

One of your tentacles has grown a beastly spike.
You cannot wear most types of armour.
You are amphibious.
You can wear up to eight rings at the same time.
Your skin changes colour to match your surroundings (Stealth+).
Your rubbery body absorbs attacks. (AC +1, EV +1)
((You are camouflaged near water. (Stealth+)))
You have tentacles for arms and can constrict up to eight enemies at once.


Message History

Confirm with . or Enter, or press ? or * to list all spells.
One of your tentacles grows a vicious spike.
Grinder shouts!
You hit Grinder. Your grab misses Grinder.
Your tentacle spike misses Grinder.
You squeeze Grinder.
Grinder is lightly wounded.
Grinder closely misses you.
You barely miss Grinder. Your grab misses Grinder.
You pierce Grinder.
You tentacle-slap Grinder, but do no damage.
Grinder is lightly wounded.
You hit Grinder. You grab Grinder. You squeeze Grinder!
Grinder is moderately wounded.
You constrict Grinder. Grinder barely misses you.
You barely miss Grinder.
You pierce Grinder, but do no damage.
Grinder is moderately wounded.
You constrict Grinder, but do no damage.
Grinder gestures at you. Pain shoots through your body!
You hit Grinder but do no damage.
Grinder is moderately wounded.
You constrict Grinder, but do no damage.
You hit Grinder. You squeeze Grinder.
Grinder is heavily wounded.
You constrict Grinder, but do no damage.
Grinder gestures at you. Pain shoots through your body!
You hit Grinder but do no damage.
Grinder is heavily wounded.
You constrict Grinder. You barely miss Grinder.
Grinder is heavily wounded.
You constrict Grinder.
Grinder says, "Mostly I couldn't keep them alive."
Grinder misses you.
You hit Grinder.
Grinder is heavily wounded.
You constrict Grinder. Grinder hits you!
* * * LOW HITPOINT WARNING * * *
You writhe in agony.
You die...

...#####.# #. .. #.#
#. ##.## #. ##..># .
##.###. .###### #.##
## # #.....# #.# #
#.###.# #.# #.## ##
#5@..# #.# ##.###.
#.###.###.######...#
# #.............##
###..##.#.#####
#.....#.# ##.####.#
#.####.# #......#
########


You could see Grinder.

Vanquished Creatures
  Jessica (D:2)
  Terence (D:3)
  Ijyb (D:3)
  A worm (D:2)
  An orc (D:3)
  A bat (D:1)
  4 endoplasms
  3 hobgoblins (D:1)
  2 jackals (D:1)
  2 quokkas (D:3)
  2 ball pythons
  2 frilled lizards (D:1)
  2 kobolds (D:1)
  3 rats
26 creatures vanquished.

Notes
Turn   | Place    | Note
-------+----------+-------------------------------------------
     0 | D:1      | robertstho the Octopode Transmuter began the quest for the
                  | Orb.
     0 | D:1      | Reached XP level 1. HP: 13/13 MP: 3/3
   338 | D:1      | Reached XP level 2. HP: 11/18 MP: 5/5
   499 | D:1      | Reached skill level 1 in Stealth
  1749 | D:2      | Noticed Sigmund
  1774 | D:1      | Learned a level 2 spell: Wereblood
  1799 | D:2      | Noticed Jessica
  1810 | D:2      | Killed Jessica
  1811 | D:2      | Reached XP level 3. HP: 23/23 MP: 4/6
  2015 | D:3      | Noticed Ijyb
  2035 | D:3      | Killed Ijyb
  2036 | D:3      | Reached XP level 4. HP: 7/28 MP: 7/7
  2394 | D:3      | Noticed Terence
  2408 | D:3      | Killed Terence
  2537 | D:3      | Reached skill level 1 in Short Blades
  2582 | D:3      | Noticed Grinder
  2594 | D:3      | Slain by Grinder

Illustrated notes

Levels and vault maps discovered:
D:1:      wheals_arrival_linesprint, layout_loops_corners
D:2:      layout_loops_ring, minmay_shallow_snake_nest, uniq_sigmund,
          uniq_jessica
D:3:      layout_loops_cross, uniq_crazy_yiuf_cottage, uniq_ijyb, uniq_terence,
          uniq_grinder

Skill      XL: |  1  2  3  4 |
---------------+-------------+-----
Stealth        | 2 3 |  3.4
Short Blades   | 1 |  1.0
Fighting       | |  1.1
Dodging        | |  2.4
Unarmed Combat | |  3.5
Spellcasting   | |  2.4
Transmutations | |  2.2

Action                   |  1- 3 |  4- 6 || total
-------------------------+-------+-------++-------
Melee: Unarmed           |    28 |       ||    28
       Tentacles         |     9 |     4 ||    13
       Constrict         |    12 |     3 ||    15
       Dagger            |    31 |    24 ||    55
       Kick              |    12 |    10 ||    22
       Punch             |     1 |     1 ||     2
 Cast: Beastly Appendage |     5 |     2 ||     7
 Stab: Sleeping          |    10 |     1 ||    11
Armor: Skin              |     4 |       ||     4
Dodge: Dodged            |    17 |     8 ||    25

Table legend: (Time is in decaauts)
 A = Elapsed time spent in this place.
 B = Non-inter-level travel time spent in this place.
 C = Inter-level travel time spent in this place.
 D = Time resting spent in this place.
 E = Time spent auto-exploring this place.
 F = Levels seen in this place.
 G = Mean time per level.
                   A        B        C        D        E       F      G
               +--------+--------+--------+--------+--------+-----+--------+
         Total |   2573 |   2446 |    127 |    319 |   1875 |   3 |  857.7 |
       Dungeon |   2573 |   2446 |    127 |    319 |   1875 |   3 |  857.7 |
               +--------+--------+--------+--------+--------+-----+--------+

Top non-repeatable levels by time:
     D:1: 1744 daAuts
     D:3: 631 daAuts
     D:2: 198 daAuts
